 Dungeon Crawl Stone Soup version 0.31.0-12-g77e489cdc1 (webtiles) character file.

Game seed: 152320454395668392

100 Ruich the Chiller (level 4, 0/27 HPs)
             Began as an Octopode Ice Elementalist on Feb 28, 2024.
             Slain by an orc
             ... wielding a +1 trident of protection
              (9 damage)
             ... on level 3 of the Dungeon.
             The game lasted 00:06:14 (3036 turns).

Ruich the Chiller (Octopode Ice Elementalist)       Turns: 3036, Time: 00:06:15

Health: 0/27       AC:  1    Str:  9    XL:     4   Next: 73%
Magic:  6/8        EV: 13    Int: 17    God:
Gold:   172        SH:  0    Dex: 12    Spells: 4/8 levels left

rFire   + . .        m - +0 whip (freeze)
rCold   + . .        (no shield)
rNeg    . . .        (helmet restricted)
rPois   .            (no amulet)
rElec   .            e - ring of protection from cold
rCorr   .            d - ring of protection from fire
SInv    .            (no ring)
Will    .....        (no ring)
Stlth   +++          (no ring)
HPRegen 0.24/turn    (no ring)
MPRegen 0.11/turn    (no ring)
                     (no ring)

%: no passive effects
@: no status effects
A: almost no armour, amphibious, 8 rings, camouflage 1, gelatinous body 1,
(nimble swimmer 1), tentacles
a: no special abilities


You were on level 3 of the Dungeon.
You visited 1 branch of the dungeon, and saw 3 of its levels.

You collected 172 gold pieces.


Innate Abilities, Weirdness & Mutations

You cannot wear most types of armour.
You are amphibious.
You can wear up to eight rings at the same time.
Your skin changes colour to match your surroundings (Stealth+).
Your rubbery body absorbs attacks. (AC +1, EV +1)
((You are camouflaged when in or above water. (Stealth+)))
You have tentacles for arms and can constrict up to eight enemies at once.


   Skills:
 - Level 2.0 Dodging
 - Level 3.9 Stealth
 - Level 2.7 Spellcasting
 * Level 5.1 Ice Magic


You had 4 spell levels left.
You knew the following spells:

 Your Spells              Type           Power      Damage    Failure   Level
f - Freeze                Ice            76%        1d8       2%          1
o - Ozocubu's Armour      Ice            19%        N/A       6%          3

Your spell library contained the following spells:

 Spells                   Type           Power      Damage    Failure   Level
 Frozen Ramparts          Ice            38%        1d6       6%          3
 Slow                     Hex            8%         N/A       19%         1
 Summon Ice Beast         Ice/Summ       11%        N/A       19%         3
 Confusing Touch          Hex            2%         N/A       47%         3
 Sigil of Binding         Hex            2%         N/A       47%         3
 Vampiric Draining        Necr           2%         2d6       47%         3

Inventory:

Hand Weapons
 m - a +0 whip of freezing (weapon)
Missiles
 j - 4 poisoned darts
 l - a throwing net {=f}
Jewellery
 d - a ring of protection from fire (right tentacle)
 e - a ring of protection from cold (left tentacle)
Scrolls
 b - 2 scrolls of teleportation {unknown}
 f - a scroll of revelation {unknown}
 g - 4 scrolls of identify {unknown}
Potions
 a - a potion of magic
 c - 3 potions of curing {unknown}
 h - a potion of might {unknown}
 i - a potion of ambrosia {unknown}
 k - a potion of degeneration {unknown}
 n - a potion of enlightenment {unknown}

Dungeon Overview and Level Annotations

Branches:
Dungeon (3/15)

Altars:

#..+ S... #..####o.w..
+.....oor... . #
##....)Pr.... .. ##.
+...####..... .. .... #..)+
..$ .## ..... #...# # ..##
.#....####..##
...####.........@wo..+
..<............P.....#
..#.####.......####..#
..#............#..#..##
..#......###...#.)'...#
##.#.....# #.#.####...# .
#.##.....###..........####..
....##......#...............
.##..#...##...†.............


You could see a ribbon worm and an orc.


Message History

The ball python constricts you. The rat misses you.
* * * LOW HITPOINT WARNING * * *
Unknown command.
You escape the ball python's grasp.
The rat bites the plant.
The plant begins to die.
Casting: Freeze (safe; 2% risk of failure)
Confirm with . or Enter, or press ? or * to list all spells.
Aiming: Freeze (safe; 2% risk of failure)
Press: ? - help, Shift-Dir - straight line, f - ball python
Aim: a ball python You freeze the ball python!
You kill the ball python!
Casting: Freeze (safe; 2% risk of failure)
Confirm with . or Enter, or press ? or * to list all spells.
Aiming: Freeze (safe; 2% risk of failure)
Press: ? - help, Shift-Dir - straight line, f - rat
Aim: a rat You freeze the rat.
You kill the rat!
The orc closely misses you.
You hit the rat. You freeze the rat.
You kill the rat!
A nearby plant withers and dies.
The orc barely misses you. x2
You hit the ribbon worm. You freeze the ribbon worm. You grab the ribbon worm.
The ribbon worm is moderately wounded.
You constrict the ribbon worm. The ribbon worm barely misses you.
The orc closely misses you.
You release your grip on the ribbon worm.
The orc attacks as it pursues you!
You die...

Skill      XL: |  1  2  3  4 |
---------------+-------------+-----
Stealth        | 3 |  3.9
Ice Magic      | 5 |  5.1
Dodging        | |  2.0
Spellcasting   | |  2.7

Action                     |  1- 3 |  4- 6 || total
---------------------------+-------+-------++-------
  Melee: Unarmed           |    23 |       ||    23
         Constrict         |     6 |     7 ||    13
         Tentacles         |     4 |     3 ||     7
         Whip              |       |    19 ||    19
   Cast: Freeze            |    52 |    24 ||    76
 Armour: Skin              |    19 |    15 ||    34
  Dodge: Dodged            |    42 |    38 ||    80

Levels and vault maps discovered:
D:1:      sevenhm_arrival_forest_fort_large_4, layout_basic
D:2:      layout_loops_ring
D:3:      corexii_shack_village, layout_rooms, chequers_garden,
          nicolae_eternal_life

Notes
Turn   | Place    | Note
-------+----------+-------------------------------------------
     0 | D:1      | Ruich the Octopode Ice Elementalist began the quest for the
                  | Orb.
     0 | D:1      | Reached XP level 1. HP: 11/11 MP: 3/3
   338 | D:1      | Reached skill level 3 in Stealth
   338 | D:1      | Reached XP level 2. HP: 15/17 MP: 0/5
  1220 | D:1      | Reached XP level 3. HP: 19/21 MP: 2/6
  1664 | D:1      | Learned a level 3 spell: Ozocubu's Armour
  2103 | D:2      | Reached XP level 4. HP: 27/27 MP: 5/7
  2808 | D:3      | Reached skill level 5 in Ice Magic
  3036 | D:3      | Slain by an orc

Vanquished Creatures
  3 adders (D:2)
  A dart slug (D:1)
  6 orcs (D:3)
  7 ball pythons
  4 endoplasms
  4 giant cockroaches
  3 goblins
  5 hobgoblins
  4 jackals (D:1)
  4 quokkas (D:1)
  6 bats
  2 frilled lizards
  4 kobolds
  6 rats
59 creatures vanquished.

Table legend: (Time is in decaauts)
 A = Elapsed time spent in this place.
 B = Non-inter-level travel time spent in this place.
 C = Inter-level travel time spent in this place.
 D = Time resting spent in this place.
 E = Time spent auto-exploring this place.
 F = Levels seen in this place.
 G = Mean time per level.
                   A        B        C        D        E       F      G
               +--------+--------+--------+--------+--------+-----+--------+
         Total |   3036 |   2989 |     47 |    966 |   1580 |   3 | 1012.0 |
       Dungeon |   3036 |   2989 |     47 |    966 |   1580 |   3 | 1012.0 |
               +--------+--------+--------+--------+--------+-----+--------+

Top non-repeatable levels by time:
     D:1: 1696 daAuts
     D:2: 1047 daAuts
     D:3: 292 daAuts

Table legend:
 A = Non-vault XP
 B = Vault XP
 C = Vault XP percentage of total XP
 D = Non-vault monster count
 E = Vault monster count
 F = Vault count percentage of total count
                 A         B        C        D         E       F
            +---------+---------+-------+---------+---------+-------
      Total |     141 |       2 |   1.4 |      58 |       1 |   1.7
            +---------+---------+-------+---------+---------+-------
        D:1 |      40 |       0 |   0.0 |      23 |       0 |   0.0
        D:2 |      70 |       0 |   0.0 |      20 |       0 |   0.0
        D:3 |      31 |       2 |   6.1 |      15 |       1 |   6.2
            +---------+---------+-------+---------+---------+-------
